 Dungeon Crawl Stone Soup version 0.29-a0-1047-g7c58e119a4 (webtiles) character file.

Game seed: 15053382229074108844

2608 Zeldest the Cleaver (level 9, 0/77 (81) HPs)
             Began as a Hill Orc Chaos Knight on Aug 17, 2022.
             Was a Believer of Beogh.
             Slain by a wight
             ... wielding a +2 great sword
              (13 damage)
             ... on level 7 of the Dungeon.
             The game lasted 00:06:02 (5007 turns).

Zeldest the Cleaver (Hill Orc Chaos Knight)         Turns: 5007, Time: 00:06:03

HP:   0/77 (81)     AC:  5    Str: 19    XL:     9   Next: 59%
MP:   11/16         EV: 11    Int: 12    God:    Beogh [**....]
Gold: 381           SH:  0    Dex: 10    Spells: 8/8 levels left

rFire   + . .      SeeInvis .   e - +10 war axe "Nerph" {protect, rF+}
rCold   + . .      Faith    .   (no shield)
rNeg    . . .      Spirit   .   j - +1 leather armour of Quantum Leap {rElec rC+}
rPois   .          Reflect  .   l - +1 helmet
rElec   +          Harm     .   y - +0 cloak
rCorr   .          Rampage  .   (no gloves)
Will    .....                   (no boots)
Stlth   +.........              k - amulet of regeneration
HPRegen 1.02/turn               d - +4 ring of slaying
MPRegen 0.15/turn               (no ring)

@: lightly drained
A: deformed body
a: Renounce Religion, Smiting


You were on level 7 of the Dungeon.
You worshipped Beogh.
Beogh was pleased with you.
You visited 1 branch of the dungeon, and saw 7 of its levels.

You collected 381 gold pieces.

Inventory:

Hand Weapons
 e - the +10 war axe "Nerph" (weapon) {protect, rF+}
   (You found it on level 3 of the Dungeon)

   It grants its wielder temporary protection when it strikes (+7 to AC).
   rF:        It protects you from fire.
Armour
 j - the +1 leather armour of Quantum Leap (worn) {rElec rC+}
   (You found it on level 2 of the Dungeon)

   rC:        It protects you from cold.
   rElec:     It insulates you from electricity.
 l - a +1 helmet (worn)
 y - a +0 cloak (worn)
Jewellery
 d - a +4 ring of slaying (left hand)
 k - an amulet of regeneration (around neck)
 w - a +4 ring of protection
Wands
 s - a wand of charming (1)
 B - a wand of flame (28)
 D - a wand of polymorph (7)
Scrolls
 a - 2 scrolls of blinking {unknown}
 f - 3 scrolls of vulnerability
 h - a scroll of enchant armour
 m - 4 scrolls of identify
 n - a scroll of teleportation {unknown}
 q - a scroll of magic mapping {unknown}
 t - a scroll of torment {unknown}
 u - a scroll of noise {unknown}
 C - a scroll of immolation {unknown}
Potions
 b - 2 potions of magic {unknown}
 g - 2 potions of attraction {unknown}
 i - 2 potions of might {unknown}
 p - 2 potions of degeneration {unknown}
 r - 2 potions of ambrosia {unknown}
 v - a potion of cancellation {unknown}
 x - a potion of haste {unknown}
 z - 4 potions of heal wounds {unknown}
 A - a potion of invisibility {unknown}
Miscellaneous
 c - a piece from Xom's chessboard (15/15) (quivered)


   Skills:
 + Level 8.0 Fighting
 * Level 11.7 Axes
 - Level 2.1 Armour
 - Level 0.7 Dodging
 * Level 9.7 Invocations


You had 8 spell levels left.
You didn't know any spells.
Your spell library contained the following spells:

 Spells                   Type           Power      Damage    Failure   Level
 Apportation              Tloc           0%         N/A       36%         1
 Summon Small Mammal      Summ           0%         N/A       36%         1
 Scorch                   Fire           0%         2d5       52%         2
 Call Canine Familiar     Summ           0%         N/A       75%         3
 Summon Guardian Golem    Hex/Summ       0%         N/A       75%         3
 Flame Wave               Conj/Fire      0%         2d4       98%         4
 Alistair's Intoxication  Tmut/Pois      0%         N/A       100%        5
 Summon Cactus Giant      Summ           0%         N/A       100%        6


Dungeon Overview and Level Annotations

Branches:
Dungeon (7/15)
 Temple: D:4-7

Altars:
Ashenzari
Kikubaaqudgha
Okawaru
Vehumet
Wu Jian
Yredelemnul

Shops:
D:1 =


Innate Abilities, Weirdness & Mutations

Armour fits poorly on your strangely shaped body.


Message History

A wight comes into view. It is wielding a +2 great sword.
The wight misses you. The wight attacks as you move away!
The wight hits you with a +0 scimitar!
You feel drained. The wight hits you with a +0 scimitar!
The wight hits you from afar with a +0 trident.
You feel drained.
You see here a hornet corpse.
Found a thin smoking staff.
The wight barely misses you.
A wight comes into view. It is wielding a +1 falchion.
You barely miss the wight. The wight completely misses you.
The wight closely misses you.
Okay, then.
As you read the scroll labelled BYFIUBL ETTAH, it crumbles to dust.
It is a scroll of identify.
f - 3 scrolls of vulnerability The wight hits you from afar with a +0 trident!
The wight barely misses you.
As you read the scroll labelled TUZXACONUA, it crumbles to dust.
It is a scroll of enchant armour.
Your +0 helmet glows green for a moment.
You feel yourself speed up.
The wight hits you from afar with a +0 trident.
The wight barely misses you. The wight hits you but does no damage.
The wight closely misses you.
You feel better.
The wight hits you from afar with a +0 trident.
You feel drained. The wight barely misses you.
The wight attacks as you move away! The wight hits you with a +0 scimitar!
* * * LOW HITPOINT WARNING * * *
The wight hits you with a +2 great sword!!
* * * LOW HITPOINT WARNING * * *
Okay, then.
You feel better. The wight closely misses you.
The wight hits you with a +0 scimitar.
* * * LOW HITPOINT WARNING * * *
Found a stone staircase leading up.
The wight attacks as you move away!
The wight hits you with a +2 great sword!
You die...
Xom cackles wildly!

## ### .#.#..
....#. ..# ..#..
#...#.####.####
<...
#........#..... ...
#|.......#...# ..
#...#.#..#...## #.
...#..........
#.#####.##.......##
#.@zzz?z..†........
####z##.##[#...#.##
#..........[#...
##........#.#...
.....####.#.####
................#
#######.####.#.#.#
#......[[#.#
#######.##..


You could see 5 wights.

Vanquished Creatures
  2 hornets (D:7)
  2 yaks (D:7)
  A water moccasin (D:6)
  Duvessa (D:7)
  An ice beast (D:6)
  A sky beast (D:6)
  2 black bears (D:4)
  An ogre (D:6)
  A centaur (D:6)
  3 phantoms
  A kobold brigand (D:6)
  A scorpion (D:5)
  Dowan (D:7)
  3 hounds (D:5)
  4 orc priests
  5 jellies
  An iguana (D:5)
  3 orc wizards
  5 gnolls
  10 adders
  A shadow imp (D:6)
  2 worms
  3 dart slugs
  14 orcs
  6 endoplasms
  3 giant cockroaches
  2 goblins (D:1)
  7 hobgoblins
  8 kobolds
  5 quokkas
  9 ball pythons
  3 bats
  3 frilled lizards
  5 rats
120 creatures vanquished.

Vanquished Creatures (others)
  2 yaks (D:7)
2 creatures vanquished.

Grand Total: 122 creatures vanquished

Notes
Turn   | Place    | Note
-------+----------+-------------------------------------------
     0 | D:1      | Zeldest the Hill Orc Chaos Knight began the quest for the
                  | Orb.
     0 | D:1      | Reached XP level 1. HP: 19/19 MP: 1/1
    57 | D:1      | XOM: potion effect (curing)
    65 | D:1      | Reached XP level 2. HP: 18/27 MP: 2/2
   198 | D:1      | Found Jetesh's Jewellery Shoppe.
   245 | D:1      | Reached skill level 5 in Axes
   277 | D:1      | Reached XP level 3. HP: 31/33 MP: 3/3
   314 | D:1      | XOM: divination: magic mapping
   582 | D:2      | Found a basalt altar of Yredelemnul.
   625 | D:2      | Identified the +1 leather armour of Quantum Leap {rElec
                  | rC+}
   782 | D:2      | Reached XP level 4. HP: 32/41 MP: 4/4
   977 | D:2      | Found a faded altar of an unknown god.
  1112 | D:3      | Reached skill level 6 in Axes
  1226 | D:3      | XOM: divination: detect items
  1328 | D:3      | Identified the +10 war axe "Nerph" {protect, rF+}
  1410 | D:3      | Reached XP level 5. HP: 47/47 MP: 5/5
  1417 | D:3      | XOM: cloud trail
  1439 | D:3      | Found an ancient bone altar of Kikubaaqudgha.
  1440 | D:3      | Found an iron altar of Okawaru.
  1693 | D:4      | Fell from the grace of Xom
  1693 | D:4      | Became a worshipper of Beogh the Brigand
  2044 | D:4      | Noticed a black bear
  2052 | D:4      | Killed a black bear
  2053 | D:4      | Reached skill level 5 in Fighting
  2053 | D:4      | Reached skill level 7 in Axes
  2261 | D:4      | Noticed a black bear
  2342 | D:4      | Killed a black bear
  2343 | D:4      | Reached XP level 6. HP: 55/56 MP: 6/8
  2536 | D:4      | Found a broken altar of Ashenzari.
  2536 | D:4      | Found a radiant altar of Vehumet.
  2636 | D:5      | Entered Level 5 of the Dungeon
  2977 | D:5      | Reached XP level 7. HP: 49/61 MP: 8/10
  2985 | D:5      | Reached skill level 8 in Axes
  3165 | D:5      | Found an ornate altar of the Wu Jian Council.
  3177 | D:5      | Reached skill level 5 in Invocations
  3378 | D:5      | Reached * piety under Beogh
  4084 | D:5      | Reached skill level 9 in Axes
  4084 | D:5      | Reached XP level 8. HP: 66/70 MP: 12/12
  4260 | D:6      | XOM: give mutation
  4260 | D:6      | Gained mutation: Armour fits poorly on your strangely
                  | shaped body. [Xom's mischief]
  4417 | D:6      | Reached skill level 10 in Axes
  4426 | D:6      | Reached ** piety under Beogh
  4680 | D:6      | Reached XP level 9. HP: 79/79 MP: 15/15
  4873 | D:7      | Noticed Dowan
  4874 | D:7      | Noticed Duvessa
  4879 | D:7      | Killed Dowan
  4883 | D:7      | Killed Duvessa
  4941 | D:7      | Reached skill level 11 in Axes
  4972 | D:7      | Noticed a hornet
  4976 | D:7      | Killed a hornet
  4985 | D:7      | Noticed a hornet
  4991 | D:7      | Killed a hornet
  5000 | D:7      | HP: 1/77 [wight/+2 great sword (19)]
  5007 | D:7      | Slain by a wight

Illustrated notes

Levels and vault maps discovered:
D:1:      minmay_arrival_three_doors, layout_rooms, serial_shops,
          nicolae_shop_stone
D:2:      layout_basic, chequers_ecumenical_altar_lobes, basic_altar,
          minivault_11, minmay_pentomino_t4
D:3:      layout_basic, gammafunk_temple_overflow_pools
D:4:      layout_basic, gammafunk_temple_overflow_statue
D:5:      layout_loops_ring, nicolae_wu_jian_wuxing_cycle
D:6:      layout_basic, portal_sewer_entry_d, kennysheep_generic_room_13
D:7:      layout_basic, minmay_temple_entry_statues, water_boxes_lemuel,
          uniq_maggie, uniq_duvessa

Skill      XL: |  1  2  3  4  5  6  7  8  9 |
---------------+----------------------------+-----
Fighting       | 4 5 6 7 8 |  8.0
Axes           | 5 6 7 9 10 11 | 11.7
Invocations    | 3 4 6 8 9 |  9.7
Armour         | |  2.1
Dodging        | |  0.7

Action                   |  1- 3 |  4- 6 |  7- 9 || total
-------------------------+-------+-------+-------++-------
Melee: Hand axe          |    61 |    80 |    57 ||   198
       Punch             |       |     3 |     1 ||     4
       War axe           |       |       |    73 ||    73
Invok: Convert to Beogh  |       |     1 |       ||     1
       Smiting           |       |       |     3 ||     3
Evoke: Piece from Xom's  |       |     4 |       ||     4
       Wand              |       |       |     6 ||     6
  Use: Potion            |       |       |     5 ||     5
       Scroll            |       |       |     2 ||     2
Armor: Leather armour    |    14 |    21 |    38 ||    73
Dodge: Dodged            |    26 |    34 |    70 ||   130

Table legend: (Time is in decaauts)
 A = Elapsed time spent in this place.
 B = Non-inter-level travel time spent in this place.
 C = Inter-level travel time spent in this place.
 D = Time resting spent in this place.
 E = Time spent auto-exploring this place.
 F = Levels seen in this place.
 G = Mean time per level.
                   A        B        C        D        E       F      G
               +--------+--------+--------+--------+--------+-----+--------+
         Total |   5029 |   4636 |    393 |   1110 |   2721 |   7 |  718.4 |
       Dungeon |   5029 |   4636 |    393 |   1110 |   2721 |   7 |  718.4 |
               +--------+--------+--------+--------+--------+-----+--------+

Top non-repeatable levels by time:
     D:4: 1314 daAuts
     D:5: 1242 daAuts
     D:6: 767 daAuts
     D:2: 592 daAuts
     D:1: 513 daAuts
     D:3: 477 daAuts
     D:7: 123 daAuts
